 Dungeon Crawl Stone Soup version 0.20.1-1-g8b1a95d (webtiles) character file.

1571 Lennu the Slasher (level 8, -5/68 HPs)
             Began as a Pale Draconian Fighter on July 13, 2017.
             Slain by an orc warrior
             ... wielding a +0 glaive
              (26 damage)
             ... on level 6 of the Dungeon.
             The game lasted 00:16:26 (6481 turns).

Lennu the Slasher (Pale Draconian Fighter)          Turns: 6481, Time: 00:16:26

Health: -5/68      AC:  6    Str: 20    XL:     8   Next: 59%
Magic:  8/8        EV: 12    Int: 10    God:
Gold:   350        SH: 16    Dex: 12    Spells: 7/7 levels left

rFire    + . .     SeeInvis .   q - +0 long sword
rCold    x . .     Gourm    .   w - +0 shield
rNeg     . . .     Faith    .   (armour unavailable)
rPois    .         Spirit   .   (helmet restricted)
rElec    .         Reflect  +   (no cloak)
rCorr    .         Harm     .   (no gloves)
MR       .....                  (no boots)
Stlth    ++........             h - +6 amulet of reflection
Regen    0.3/turn               o - +2 ring of intelligence
MPRegen  0.2/turn               p - ring of fire

@: flying
A: breathe steam, unfitting armour, big wings, talons 1, no potion heal 1,
cold-blooded, MP-powered wands, AC +6
a: Breathe Steam, Stop Flying


You were on level 6 of the Dungeon.
You were not hungry.

You visited 2 branches of the dungeon, and saw 7 of its levels.

You collected 350 gold pieces.

Inventory:

Hand Weapons
 q - a +0 long sword (weapon)
Armour
 w - a +0 shield (worn)
Jewellery
 h - a +6 amulet of reflection (around neck)
 o - a +2 ring of intelligence (left hand)
 p - a ring of fire (right hand)
Wands
 x - a wand of polymorph (7/24)
 B - a wand of digging (8/24)
Scrolls
 e - 5 scrolls of remove curse {unknown}
 i - a scroll of fear {unknown}
 k - a scroll of enchant armour {unknown}
 l - 7 scrolls of identify {unknown}
 n - 2 scrolls of amnesia {unknown}
 r - 2 scrolls of blinking {unknown}
 s - a scroll of teleportation {unknown}
 u - a scroll of noise {unknown}
 y - a scroll of random uselessness {unknown}
 A - 3 scrolls of fog {unknown}
Potions
 a - 2 potions of brilliance {unknown}
 c - a potion of might
 g - a potion of flight
 j - a potion of cancellation {unknown}
 t - 2 potions of curing
 v - a potion of ambrosia {unknown}
Books
 z - a book of Necromancy

   Spells                             Type                      Level
   a - Pain                           Necromancy                   1
   b - Animate Skeleton               Necromancy                   1
   c - Vampiric Draining              Necromancy                   3
   d - Regeneration                   Charms/Necromancy            3
   e - Animate Dead                   Necromancy                   4
   f - Control Undead                 Necromancy                   4
Comestibles
 b - 3 fruits
 d - 3 bread rations
 f - 7 chunks of flesh
 m - 2 meat rations


   Skills:
 + Level 5.2 Fighting
 + Level 6.5 Long Blades
 + Level 4.6 Dodging
 * Level 3.7 Stealth
 + Level 6.3 Shields


You had 7 spell levels left.
You didn't know any spells.

Dungeon Overview and Level Annotations

Branches:
Dungeon (6/15)             Temple (1/1) D:6

Altars:
Ashenzari
Cheibriados
Dithmenos
Elyvilon
Fedhas
Hepliaklqana
Kikubaaqudgha
Makhleb
Nemelex Xobeh
Okawaru
Qazlal
Ru
Trog
Uskayaw
Vehumet
Xom
Yredelemnul
Zin
The Shining One
Jiyva

Shops:
D:4 *

Annotations:
D:6 exclusion: statue


Innate Abilities, Weirdness & Mutations

You can breathe blasts of scalding, opaque steam.
Your pale cyan-grey scales are hard. (AC +6)
You cannot fit into any form of body armour.
You are cold-blooded and may be slowed by cold attacks.
Your large and strong wings let you fly indefinitely.
You have sharp toenails.
Potions are less effective at restoring your health.
You expend magic power (3 MP) to strengthen your wands.


Message History

The orc warrior is lightly wounded.
You see here a dagger.
You closely miss the orc warrior.
The orc warrior is lightly wounded.
You completely miss the orc warrior.
You claw the orc warrior, but do no damage.
The orc warrior is lightly wounded.
The orc warrior hits you with a glaive!
* * * LOW HITPOINT WARNING * * *
The orc suddenly complains, in orcish tradition.
You hit the orc warrior.
You claw the orc warrior, but do no damage.
The orc warrior is moderately wounded.
You block the orc warrior's attack.
You hit the orc warrior but do no damage.
You claw the orc warrior, but do no damage.
Your tail-slap misses the orc warrior.
The orc warrior is moderately wounded.
The orc warrior hits you with a glaive!!
You die...

..........## #.. ...........## #..
............# #.# ##..........
............## #.###............
.............###.#...............
รท...........###..##..........<...
.................##.............[
................<##..............
........########@# #....)........
......### #o.##..)<.........
.....## o#h###..)....).... #..###
.. ..##............ .## ...
...##........... ## ....
....#..........# .....
.##..#........## ......
.###..#.>....## ###......####


You could see an orc warrior, an orc and a jackal.

Vanquished Creatures
  The ghost of Timson the Slasher, a novice HuFi of Zin (D:4)
  Duvessa (D:5)
  A necrophage (D:5)
  A centaur (D:3)
  An ogre (D:5)
  Blork the orc (D:6)
  A bullfrog (D:6)
  Dowan (D:5)
  A howler monkey (D:4)
  2 hounds
  A centaur skeleton (D:6)
  A bullfrog skeleton (D:4)
  Terence (D:1)
  An orc wizard (D:5)
  2 iguanas
  3 worker ants
  A hound skeleton (D:4)
  7 gnolls
  9 adders
  2 oozes (D:2)
  An adder skeleton (D:6)
  5 worms
  A dart slug (D:4)
  5 leopard geckos
  12 orcs
  19 bats
  5 giant cockroaches
  5 goblins
  11 hobgoblins
  14 jackals
  4 kobolds
  A quokka (D:3)
  8 frilled lizards
  12 rats
142 creatures vanquished.

Notes
Turn   | Place    | Note
-------+----------+-------------------------------------------
     0 | D:1      | Lennu the Draconian Fighter began the quest for the Orb.
     0 | D:1      | Reached XP level 1. HP: 19/19 MP: 1/1
   133 | D:1      | Reached XP level 2. HP: 11/26 MP: 2/2
  1177 | D:1      | Reached XP level 3. HP: 31/31 MP: 3/3
  1694 | D:2      | Noticed Terence
  1724 | D:1      | Reached XP level 4. HP: 14/40 MP: 4/4
  2139 | D:1      | Killed Terence
  2209 | D:2      | Found a shattered altar of Ashenzari.
  2610 | D:2      | Found an iron altar of Okawaru.
  2610 | D:2      | Found a white marble altar of Elyvilon.
  2730 | D:3      | Reached XP level 5. HP: 32/46 MP: 5/5
  3015 | D:3      | Noticed a centaur
  3046 | D:3      | Killed a centaur
  3046 | D:3      | Reached XP level 6. HP: 30/52 MP: 6/6
  3445 | D:3      | Found a shadowy altar of Dithmenos.
  3536 | D:3      | Reached skill level 1 in Stealth
  3892 | D:4      | Found a snail-covered altar of Cheibriados.
  3902 | D:4      | Found Jual's Assorted Antiques.
  4064 | D:4      | Found a hide-covered altar of Uskayaw.
  4088 | D:4      | Gained mutation: You evolve. [potion of mutation]
  4088 | D:4      | Gained mutation: Potions are less effective at restoring your health. [potion of mutation]
  4088 | D:4      | Gained mutation: Your muscles are strong. (Str +2) [potion of mutation]
  4088 | D:4      | Gained mutation: Your muscles are very strong. (Str +4) [potion of mutation]
  4216 | D:4      | Noticed Timson's ghost (novice HuFi)
  4274 | D:3      | Lost mutation: You evolve. [potion of mutation]
  4274 | D:3      | Lost mutation: Your muscles are very strong. (Str +4) [potion of mutation]
  4274 | D:3      | Lost mutation: Your muscles are strong. (Str +2) [potion of mutation]
  4274 | D:3      | Gained mutation: Your large and strong wings let you fly indefinitely. [potion of mutation]
  4274 | D:3      | Gained mutation: You expend magic power (3 MP) to strengthen your wands. [potion of mutation]
  4274 | D:3      | Gained mutation: You have sharp toenails. [potion of mutation]
  4771 | D:4      | Killed Timson's ghost
  4771 | D:4      | Reached skill level 5 in Long Blades
  4771 | D:4      | Reached skill level 5 in Shields
  4771 | D:4      | Your scales start taking on a pale cyan-grey colour.
  4771 | D:4      | Reached XP level 7. HP: 57/60 MP: 7/7
  4785 | D:5      | Entered Level 5 of the Dungeon
  4849 | D:5      | Reached XP level 8. HP: 67/67 MP: 8/8
  5362 | D:5      | Noticed Duvessa
  5362 | D:5      | Noticed Dowan
  5376 | D:5      | Killed Duvessa
  5389 | D:5      | Killed Dowan
  5649 | D:5      | Reached skill level 5 in Fighting
  5798 | D:5      | Found a bloodstained altar of Trog.
  5962 | D:6      | Found a staircase to the Ecumenical Temple.
  5973 | Temple   | Entered the Ecumenical Temple
  6289 | D:6      | Found a radiant altar of Vehumet.
  6302 | D:6      | Found a sparkling altar of Nemelex Xobeh.
  6368 | D:6      | Noticed Blork the orc
  6383 | D:6      | Killed Blork the orc
  6481 | D:6      | Slain by an orc warrior

Skill      XL: |  1  2  3  4  5  6  7  8 |
---------------+-------------------------+-----
Dodging        | 3 4 |  4.6
Shields        | 4 5 6 |  6.3
Fighting       | 4 5 |  5.2
Long Blades    | 3 5 6 |  6.5
Stealth        | 1 2 3 |  3.7

Action                   |  1- 3 |  4- 6 |  7- 9 || total
-------------------------+-------+-------+-------++-------
Melee: Long sword        |   123 |   252 |   134 ||   509
       Tailslap          |    18 |    43 |    22 ||    83
       Kick              |       |     8 |    41 ||    49
 Abil: Fly               |       |     1 |       ||     1
  Use: Potion            |     1 |     5 |       ||     6
 Stab: Sleeping          |       |       |     2 ||     2
  Eat: Chunk             |     3 |    10 |     6 ||    19
Armor: Skin              |    30 |    35 |    16 ||    81
Dodge: Dodged            |    58 |    76 |    44 ||   178
Block: Shield            |   130 |   210 |   111 ||   451
       Reflection        |       |     2 |     2 ||     4
       Rpst.: Long sword |    24 |    24 |    12 ||    60
